 Dungeon Sprint DCSS version 0.19-a0-1682-g5114f93 (webtiles) character file.

1746 George the Fighter (level 8, -9/83 HPs)
             Began as a Minotaur Berserker on Sept 24, 2016.
             Was a High Priest of Trog.
             Mangled by a death knight
             ... wielding a +3 morningstar
              (22 damage)
             ... in the Dungeon (Sprint IX: "|||||||||||||||||||||||||||||").
             The game lasted 00:02:01 (432 turns).

George the Fighter (Minotaur Berserker)              Turns: 432, Time: 00:02:02

Health: -9/83      AC: 15    Str: 21    XL:     8   Next: 77%
Magic:  7/7        EV: 15    Int:  7    God:    Trog [*****.]
Gold:   0          SH:  0    Dex: 16    Spells: 0 memorised, 7 levels left

rFire  . . .     SeeInvis .     n - +2 scimitar (flame)
rCold  . . .     Gourm    .     o - +1 chain mail
rNeg   . . .     Faith    .     (no shield)
rPois  .         Spirit   .     (helmet restricted)
rElec  .         Dismiss  .     a - +0 cloak
rCorr  .         Reflect  .     (no gloves)
MR     ++...     Harm     .     (no boots)
Stlth  .......... NoTele   +    (no amulet)
                                p - +3 ring of intelligence
                                b - +3 ring of dexterity

@: exhausted, regenerating, slowed, very slow
A: retaliatory headbutt, horns 2
a: Berserk, Trog's Hand, Brothers in Arms, Burn Spellbooks, Renounce Religion


You were in the Dungeon.
You worshipped Trog.
Trog was extremely pleased with you.
You were near starving.

You visited 1 branch

Inventory:

Hand Weapons
 n - a +2 scimitar of flaming (weapon)
Armour
 a - a +0 cloak (worn)
 o - a +1 chain mail (worn)
Jewellery
 b - a +3 ring of dexterity (left hand)
 p - a +3 ring of intelligence (right hand)
Wands
 m - a wand of lightning (7/15)
Scrolls
 i - 2 scrolls of blinking
 l - 3 scrolls of remove curse
Potions
 d - 5 potions of curing
 e - a potion of heal wounds
 f - a potion of haste
 g - 4 potions of magic
 h - a potion of berserk rage
 k - a potion of invisibility
Comestibles
 c - a bread ration
 j - 5 chunks of flesh


   Skills:
 + Level 12.2 Fighting
 + Level 12.2 Long Blades
 + Level 11.8 Armour
 + Level 10.9 Dodging


You had 7 spell levels left.
You didn't know any spells.

Dungeon Overview and Level Annotations

Branches:
Dungeon (1/1)

Altars:
Cheibriados
Dithmenos
Elyvilon
Fedhas
Gozag
Hepliaklqana
Kikubaaqudgha
Makhleb
Nemelex Xobeh
Okawaru
Qazlal
Ru
Sif Muna
Trog
Uskayaw
Vehumet
Xom
Yredelemnul
Zin
The Shining One
Beogh
Jiyva
Lugonu


Innate Abilities, Weirdness & Mutations

You reflexively headbutt those who attack you in melee.
You have a pair of horns on your head.


Message History

You slash the death knight! You burn the death knight.
You headbutt the death knight, but do no damage.
The death knight is heavily wounded.
The death knight hits you with an enchanted morningstar!!
* * * LOW HITPOINT WARNING * * *
You feel much better.
The death knight hits you with an enchanted morningstar.
* * * LOW HITPOINT WARNING * * *
You hit the death knight. You burn the death knight.
The death knight is severely wounded.
The death knight misses you.
You slash the death knight! You burn the death knight.
The death knight is almost dead.
The death knight hits you with an enchanted morningstar!
* * * LOW HITPOINT WARNING * * *
Your skin crawls.
You feel resistant to hostile enchantments.
You are near starving!
The death knight hits you with an enchanted morningstar!!
You die... ▓▓▓▓▓▓▓▓▓▓▓▓▓▓▓▓▓▓▓▓▓▓▓▓▓▓▓▓▓▓▓▓▓ ))'.....)†..[[Tp@?.'.____________ ▓▓▓▓▓▓▓▓▓▓▓▓▓▓▓▓▓▓▓▓▓▓▓▓▓▓▓▓▓▓▓▓▓

You could see a death knight and a troll.

Vanquished Creatures
  An unseen horror (D)
  A manticore (D)
  A two-headed ogre (D)
  A wraith (D)
  A yak (D)
  An ogre (D)
  A centaur (D)
  A bullfrog (D)
  A howler monkey (D)
  A crimson imp (D)
  A worker ant (D)
  An adder zombie (D)
  A worm (D)
  A dart slug (D)
  A leopard gecko (D)
  A giant cockroach (D)
  A goblin (D)
  A bat (D)
  A giant cockroach zombie (D)
  A rat (D)
20 creatures vanquished.

Notes
Turn   | Place    | Note
-------+----------+-------------------------------------------
     0 | D        | George the Minotaur Berserker began the quest for the Orb.
     0 | D        | Reached XP level 1. HP: 19/19 MP: 0/0
    10 | D        | Reached ** piety under Trog
   212 | D        | Noticed an ogre
   213 | D        | Reached XP level 2. HP: 28/28 MP: 1/1
   217 | D        | Killed an ogre
   217 | D        | Reached *** piety under Trog
   217 | D        | Reached skill level 5 in Armour
   217 | D        | Reached skill level 5 in Dodging
   217 | D        | Reached XP level 3. HP: 38/38 MP: 2/2
   217 | D        | Reached XP level 4. HP: 45/45 MP: 3/3
   261 | D        | Found a roughly hewn altar of Beogh.
   261 | D        | Found a snail-covered altar of Cheibriados.
   261 | D        | Found a shadowy altar of Dithmenos.
   261 | D        | Found a white marble altar of Elyvilon.
   261 | D        | Found a blossoming altar of Fedhas.
   261 | D        | Found an opulent altar of Gozag.
   262 | D        | Found a hazy altar of Hepliaklqana.
   263 | D        | Found a viscous altar of Jiyva.
   264 | D        | Found an ancient bone altar of Kikubaaqudgha.
   265 | D        | Found a corrupted altar of Lugonu.
   266 | D        | Found a burning altar of Makhleb.
   267 | D        | Found a sparkling altar of Nemelex Xobeh.
   268 | D        | Found an iron altar of Okawaru.
   269 | D        | Found a stormy altar of Qazlal.
   270 | D        | Found a sacrificial altar of Ru.
   271 | D        | Found a deep blue altar of Sif Muna.
   272 | D        | Found a bloodstained altar of Trog.
   273 | D        | Found a hide-covered altar of Uskayaw.
   274 | D        | Found a radiant altar of Vehumet.
   275 | D        | Found a shimmering altar of Xom.
   276 | D        | Found a basalt altar of Yredelemnul.
   277 | D        | Found a glowing silver altar of Zin.
   278 | D        | Found a glowing golden altar of the Shining One.
   326 | D        | Noticed a wraith
   326 | D        | Noticed a centaur
   326 | D        | Noticed a yak
   334 | D        | Killed a yak
   334 | D        | Reached **** piety under Trog
   334 | D        | Reached XP level 5. HP: 53/53 MP: 4/4
   336 | D        | Reached XP level 6. HP: 62/62 MP: 5/5
   342 | D        | Killed a wraith
   342 | D        | Reached XP level 7. HP: 71/71 MP: 6/6
   345 | D        | Killed an unseen horror
   345 | D        | Reached ***** piety under Trog
   345 | D        | Reached skill level 10 in Armour
   345 | D        | Reached XP level 8. HP: 82/82 MP: 7/7
   384 | D        | Noticed a troll
   384 | D        | Noticed a death knight
   384 | D        | Noticed a two-headed ogre
   384 | D        | Noticed a manticore
   391 | D        | Killed a manticore
   391 | D        | Reached skill level 10 in Dodging
   395 | D        | Killed a two-headed ogre
   395 | D        | Received a gift from Trog
   428 | D        | HP: 1/83 [death knight/enchanted morningstar (21)]
   432 | D        | Mangled by a death knight

Vault maps used:
D:        linesprint

Skill      XL: |  1  2  3  4  5  6  7  8 |
---------------+-------------------------+-----
Fighting       | 4 6 8 9 11 12 | 12.2
Long Blades    | 4 6 8 9 11 12 | 12.2
Armour         | 3 5 7 9 10 11 | 11.8
Dodging        | 3 5 6 7 8 9 10 | 10.9

Action                   |  1- 3 |  4- 6 |  7- 9 || total
-------------------------+-------+-------+-------++-------
Melee: Falchion          |    13 |     4 |       ||    17
       Headbutt          |     3 |     4 |     8 ||    15
       Scimitar          |       |    13 |    29 ||    42
Invok: Berserk           |     2 |     1 |     1 ||     4
       Trog's Hand       |       |     1 |     2 ||     3
  Use: Potion            |       |       |     2 ||     2
 Stab: Sleeping          |     1 |       |       ||     1
  Eat: Chunk             |       |       |     2 ||     2
Armor: Animal skin       |       |     2 |       ||     2
       Chain mail        |       |     2 |     4 ||     6
Dodge: Dodged            |     3 |     3 |    11 ||    17
